 Dungeon Crawl Stone Soup version 0.29.1-2-gbd0b4ee654 (webtiles) character file.

Game seed: 13881314802720415147

212 nshep25 the Covered (level 5, -2/47 HPs)
             Began as a Minotaur Fighter on Nov 8, 2022.
             Slain by a gnoll
             ... wielding a +0 club
              (5 damage)
             ... on level 2 of the Dungeon.
             The game lasted 00:01:49 (1000 turns).

nshep25 the Covered (Minotaur Fighter)              Turns: 1000, Time: 00:01:50

Health: -2/47      AC:  7    Str: 22    XL:     5   Next: 58%
Magic:  4/4        EV:  9    Int:  5    God:
Gold:   40         SH:  4    Dex: 10    Spells: 4/4 levels left

rFire   . . .      SeeInvis .   a - +0 war axe
rCold   . . .      Faith    .   c - +0 buckler
rNeg    . . .      Spirit   .   b - +0 scale mail
rPois   .          Reflect  .   (helmet restricted)
rElec   .          Harm     .   (no cloak)
rCorr   .          Rampage  .   (no gloves)
Will    .....                   (no boots)
Stlth   ..........              (no amulet)
HPRegen 0.15/turn               (no ring)
MPRegen 0.09/turn               (no ring)

@: lethally poisoned (-2 -> -4)
A: horns 2, retaliatory headbutt
a: no special abilities


You were on level 2 of the Dungeon.
You visited 1 branch of the dungeon, and saw 2 of its levels.

You collected 40 gold pieces.

Inventory:

Hand Weapons
 a - a +0 war axe (weapon)
Armour
 b - a +0 scale mail (worn)
 c - a +0 buckler (worn)
Jewellery
 f - a ring of positive energy
 j - a ring of wizardry
Scrolls
 e - a scroll of magic mapping {unknown}
 g - a scroll of identify {unknown}
Potions
 d - a potion of might
 h - a potion of berserk rage {unknown}
 i - a potion of lignification {unknown}


   Skills:
 + Level 4.4 Fighting
 + Level 4.8 Axes
 + Level 4.8 Armour
 + Level 1.2 Dodging
 + Level 4.4 Shields


You had 4 spell levels left.
You didn't know any spells.
Your spell library contained the following spells:

 Spells                   Type           Power      Damage    Failure   Level
 Summon Lightning Spire   Summ/Air       0%         N/A       100%        4
 Storm Form               Tmut/Air       0%         N/A       100%        7
 Maxwell's Capacitive Co  Air            0%         ∞         100%        8


Dungeon Overview and Level Annotations

Branches:
Dungeon (2/15)

Altars:

Shops:
D:2 =


Innate Abilities, Weirdness & Mutations

You have a pair of horns on your head.
You reflexively headbutt those who attack you in melee.


Message History

The adder hisses angrily.
Things that are here:
a +0 flail; a gnoll corpse A rat comes into view.
You see here a +2 helmet.
Found a silver ring.
Found a stone staircase leading down.
The adder bites you but does no damage. The gnoll hits you but does no damage.
The gnoll barely misses you. You furiously retaliate!
You headbutt the gnoll! The adder bites you but does no damage.
You barely miss the adder. You hit the gnoll. You closely miss the gnoll.
You block the gnoll's attack. The gnoll hits you with a +0 spear.
You block the adder's attack. The gnoll hits you with a +0 spear.
The gnoll hits you but does no damage. The rat bites you.
You closely miss the adder. You hit the gnoll.
You hit the gnoll but do no damage. You hit the rat.
You kill the rat!
The adder misses you. The adder bites you but does no damage.
You block the gnoll's attack. The gnoll hits you with a +0 spear.
You slash the adder!
The adder is almost dead.
You slash the gnoll!
You kill the gnoll!
You barely miss the gnoll. You block the adder's attack.
The gnoll hits you with a +0 club. The adder bites you.
You hit the adder but do no damage.
The adder is almost dead.
You hit the gnoll. The gnoll barely misses you.
The adder bites you but does no damage. The gnoll hits you with a +0 club!
* * * LOW HITPOINT WARNING * * *
The adder bites you.
* * * LOW HITPOINT WARNING * * *
You are poisoned.
The adder poisons you!
You completely miss the adder.
The adder is almost dead.
You hit the gnoll.
* * * LOW HITPOINT WARNING * * *
You feel sick. The adder bites you but does no damage.
The gnoll hits you with a +0 club.
You die...

.##.....#.#############
.......................
##...#.#.#######...###
###.#.#.# #|#.###
#.....#.. #.#....
.###.###.#### #....##
.... #)# #......
#.#..##[# #..####
#....g@)# #...# #
#..(...†S..# ....## #
#.###.#..### .....# #
#.##.. ########## .
##.. #..... ## ##.
#..... >= #..... # ##
#..... . #.# #.....


You could see a gnoll and an adder.

Vanquished Creatures
  Sigmund (D:2)
  2 gnolls (D:2)
  A worm (D:2)
  3 endoplasms (D:1)
  A giant cockroach (D:1)
  2 goblins (D:1)
  5 hobgoblins
  3 jackals (D:1)
  A kobold (D:1)
  2 quokkas
  2 ball pythons
  5 bats
  A frilled lizard (D:2)
  2 rats
31 creatures vanquished.

Notes
Turn   | Place    | Note
-------+----------+-------------------------------------------
     0 | D:1      | nshep25 the Minotaur Fighter began the quest for the Orb.
     0 | D:1      | Reached XP level 1. HP: 19/19 MP: 0/0
    56 | D:1      | Reached XP level 2. HP: 22/27 MP: 1/1
   653 | D:2      | Found Nuisuatz's Jewellery Emporium.
   682 | D:2      | Reached XP level 3. HP: 33/33 MP: 2/2
   759 | D:2      | Noticed Sigmund
   773 | D:2      | Killed Sigmund
   774 | D:2      | Reached skill level 1 in Dodging
   774 | D:2      | Reached XP level 4. HP: 22/41 MP: 3/3
   774 | D:2      | Reached XP level 5. HP: 25/47 MP: 4/4
   922 | D:2      | Found a faded altar of an unknown god.
  1000 | D:2      | Slain by a gnoll

Illustrated notes

Levels and vault maps discovered:
D:1:      reono_arrival_forest_river, layout_rooms
D:2:      layout_basic, hellmonk_ecumenical_altar_crossroads, serial_shops,
          shop, uniq_sigmund

Skill      XL: |  1  2  3 |
---------------+----------+-----
Fighting       | 4 |  4.4
Shields        | 4 |  4.4
Armour         | 4 |  4.8
Axes           | 4 |  4.8
Dodging        | 1 |  1.2

Action                   |  1- 3 |  4- 6 || total
-------------------------+-------+-------++-------
Melee: War axe           |    56 |    16 ||    72
       Headbutt          |     6 |     1 ||     7
Armor: Scale mail        |    24 |     9 ||    33
Dodge: Dodged            |    36 |     5 ||    41
Block: Buckler           |     9 |     8 ||    17
